 Dungeon Crawl Stone Soup version 0.28-a0-1510-gd0f6b136d3 (webtiles) character file.

Game seed: 16535969636395531279

27 oldriver the Skirmisher (level 3, -3/30 HPs)
             Began as a Formicid Chaos Knight on Jan 14, 2022.
             Was a Plaything of Xom.
             Succumbed to Crazy Yiuf's poison
             ... on level 2 of the Dungeon.
             The game lasted 00:00:38 (938 turns).

oldriver the Skirmisher (Formicid Chaos Knight)      Turns: 938, Time: 00:00:39

Health: -3/30      AC:  5    Str: 18    XL:     3   Next: 25%
Magic:  3/3        EV: 11    Int: 11    God:    Xom [..*...]
Gold:   72         SH:  0    Dex: 10    Spells: 2/2 levels left

rFire   . . .      SeeInvis +   a - +0 hand axe (chaos)
rCold   . . .      Faith    .   (no shield)
rNeg    . . .      Spirit   .   b - +2 leather armour
rPois   .          Reflect  .   (helmet unavailable)
rElec   .          Harm     .   (no cloak)
rCorr   .          Rampage  .   (no gloves)
Will    .....                   (no boots)
Stlth   +.........              (no amulet)
HPRegen 0.10/turn               (no ring)
MPRegen 0.08/turn               (no ring)

@: lethally poisoned (-3 -> -24)
A: permanent stasis, dig shafts and tunnels, antennae 3, four strong arms
a: Dig, Shaft Self, Renounce Religion


You were on level 2 of the Dungeon.
You worshipped Xom.
You were a toy of Xom.
You visited 1 branch of the dungeon, and saw 2 of its levels.

You collected 72 gold pieces.

Inventory:

Hand Weapons
 a - a +0 hand axe of chaos (weapon)
Missiles
 g - 3 poisoned darts
Armour
 b - a +2 leather armour (worn)
Scrolls
 c - 3 scrolls of identify {unknown}
 d - 2 scrolls of noise {unknown}
 i - a scroll of fog {unknown}
Potions
 e - a potion of degeneration {unknown}
 f - a potion of curing {unknown}
 h - a potion of cancellation {unknown}


   Skills:
 + Level 3.7 Fighting
 + Level 3.3 Axes
 - Level 2.2 Armour
 + Level 1.6 Dodging


You had 2 spell levels left.
You didn't know any spells.
Your spell library was empty.

Dungeon Overview and Level Annotations

Branches:
Dungeon (2/15)

Altars:

Annotations:
D:2 Crazy Yiuf


Innate Abilities, Weirdness & Mutations

You cannot be hasted, slowed, berserked, paralysed or teleported.
You can dig through walls and to a lower floor.
You have a pair of large antennae on your head. (SInv)
Your four strong arms can wield two-handed weapons with a shield.


Message History

You kill the worm!
The jackal bites you. The jackal misses you.
You hit the jackal.
You kill the jackal! "Let's try an experiment, hmmm?"
Your brown potion briefly vibrates.
Key pressed, stopping explore.
Found 22 stones.
You see here 22 stones.
Found a club.
You now have 67 gold pieces (gained 14).
Things that are here:
a +0 dagger; a stone; a frilled lizard skeleton You see here 12 stones.
There is a stone staircase leading down here.
Found a polished spear.
Found a stone staircase leading up.
You now have 72 gold pieces (gained 5).
There is a stone staircase leading up here.
You see here the +6 spear "Arbiter" {vorpal, Int+6}.
i - a scroll labelled IROSYA UCOCH
Found a robe.
Crazy Yiuf shouts!
Crazy Yiuf says, "The life which is unexamined is not worth living."
You open the door. You hit Crazy Yiuf.
Crazy Yiuf is poisoned.
Crazy Yiuf is lightly wounded.
Crazy Yiuf hits you with a +3 quarterstaff of chaos!
A shower of butterflies erupts from you!
Crazy Yiuf burns you.
You completely miss Crazy Yiuf.
Crazy Yiuf is lightly wounded.
Crazy Yiuf hits you with a +3 quarterstaff of chaos!
* * * LOW HITPOINT WARNING * * *
You are lethally poisoned!
You hit Crazy Yiuf but do no damage.
Crazy Yiuf flickers and vanishes for a moment.
Crazy Yiuf is lightly wounded.
You die...
Xom titters!

##..#####........###
#....# ####.#......
#.PP.# #.......####
#.PP## #.........##
##.## #...........
#.## #...........
##b# #.......#.#.
#b## #.......#...
##@# ####...####.
#g# #...####. b..
#.....##. #.bb#
#.....##. #..)#
#.....##. #####
#.....##. #########
### ##### ##..


You could see Crazy Yiuf (invisible, very poisoned, ally target).

Vanquished Creatures
  A river rat (D:2)
  A worm (D:2)
  2 endoplasms (D:1)
  3 hobgoblins
  2 jackals (D:2)
  3 bats
  2 frilled lizards (D:2)
  2 kobolds (D:2)
16 creatures vanquished.

Notes
Turn   | Place    | Note
-------+----------+-------------------------------------------
     0 | D:1      | oldriver the Formicid Chaos Knight began the quest for the
                  | Orb.
     0 | D:1      | Reached XP level 1. HP: 18/18 MP: 1/1
   134 | D:1      | Found a faded altar of an unknown god.
   162 | D:1      | XOM: butterfly on damage
   165 | D:1      | Reached skill level 1 in Dodging
   166 | D:1      | XOM: divination: magic mapping
   199 | D:1      | XOM: silly message
   253 | D:1      | Reached XP level 2. HP: 24/24 MP: 2/2
   256 | D:1      | You fall into a shaft and drop 1 floor!
   269 | D:2      | XOM: smoke on damage
   464 | D:2      | XOM: polymorph ball python -> river rat
   467 | D:2      | Reached XP level 3. HP: 30/30 MP: 3/3
   503 | D:2      | Found a runed translucent door.
   504 | D:2      | Noticed Crazy Yiuf
   623 | D:2      | XOM: silly message
   866 | D:2      | Identified the +6 spear "Arbiter" {vorpal, Int+6}
   936 | D:2      | XOM: butterfly on damage
   938 | D:2      | Succumbed to Crazy Yiuf's poison

Illustrated notes

Levels and vault maps discovered:
D:1:      ncdulo_wetmaze, layout_basic, basic_ecumenical_altar,
          minmay_misc_feat_tower
D:2:      layout_rooms, uniq_crazy_yiuf_cottage

Skill      XL: |  1 |
---------------+----+-----
Dodging        | 1 |  1.6
Fighting       | |  3.7
Axes           | |  3.3
Armour         | |  2.2

Action                   || total
-------------------------++-------
Melee: Hand axe          ||    42
Armor: Leather armour    ||    23
Dodge: Dodged            ||    15

Table legend: (Time is in decaauts)
 A = Elapsed time spent in this place.
 B = Non-inter-level travel time spent in this place.
 C = Inter-level travel time spent in this place.
 D = Time resting spent in this place.
 E = Time spent auto-exploring this place.
 F = Levels seen in this place.
 G = Mean time per level.
                   A        B        C        D        E       F      G
               +--------+--------+--------+--------+--------+-----+--------+
         Total |    946 |    946 |      0 |      0 |    797 |   2 |  473.0 |
       Dungeon |    946 |    946 |      0 |      0 |    797 |   2 |  473.0 |
               +--------+--------+--------+--------+--------+-----+--------+

Top non-repeatable levels by time:
     D:2: 685 daAuts
     D:1: 261 daAuts
